 Dungeon Crawl Stone Soup version 0.19-a0-1937-g70ed36a (webtiles) character file.

327 hairmachine the Cleaver (level 6, 0/52 HPs)
             Began as a Hill Orc Abyssal Knight on Oct 26, 2016.
             Was a Priest of Lugonu.
             Succumbed to a worker ant's poison
             ... on level 4 of the Dungeon.
             The game lasted 00:13:45 (5572 turns).

hairmachine the Cleaver (Hill Orc Abyssal Knight)   Turns: 5572, Time: 00:13:46

Health: 0/52       AC:  6    Str: 16    XL:     6   Next: 50%
Magic:  7/7        EV:  9    Int: 17    God:    Lugonu [***...]
Gold:   163        SH:  0    Dex: 11    Spells: 0 memorised, 5 levels left

rFire  . . .     SeeInvis .     n - +0 battleaxe (curse)
rCold  . . .     Gourm    +     j - +0 scale mail
rNeg   . . .     Faith    .     (shield currently unavailable)
rPois  .         Spirit   .     (no helmet)
rElec  .         Reflect  .     (no cloak)
rCorr  .         Harm     .     (no gloves)
MR     .....                    (no boots)
Stlth  ..........               o - amulet of the gourmand {Gourmand, !d}
                                (no ring)
                                (no ring)

@: brilliant, lethally poisoned (0 -> -8)
A: no striking features
a: Depart the Abyss, Bend Space, Banish, Renounce Religion


You were on level 4 of the Dungeon.
You worshipped Lugonu.
Lugonu was most pleased with you.
You were not hungry.

You visited 1 branch of the dungeon, and saw 4 of its levels.
You visited the Abyss 1 time.

You collected 163 gold pieces.


   Skills:
 + Level 3.7 Fighting
 + Level 8.7 Axes
 + Level 2.2 Armour
 - Level 0.7 Dodging
 - Level 2.4 Invocations


You had 5 spell levels left.
You didn't know any spells.

Inventory:

Hand Weapons
 a - a +1 hand axe
 n - a cursed +0 battleaxe (weapon)
   (You took it off a wight on level 4 of the Dungeon)
Armour
 j - a +0 scale mail (worn)
   (You found it on level 2 of the Dungeon)
Jewellery
 o - an amulet of the gourmand (around neck) {Gourmand, !d}
   (You found it on level 4 of the Dungeon)
Scrolls
 d - 5 scrolls of remove curse {!r, unknown}
 h - a scroll of magic mapping {!r, unknown}
 i - 2 scrolls of recharging {!r, unknown}
 k - a scroll of noise {!r, unknown}
 q - a scroll of identify {!r}
 r - a scroll of amnesia {!r, unknown}
 t - 2 scrolls of teleportation {!r}
Potions
 e - a potion of cancellation {!q}
Comestibles
 b - 2 chunks of flesh
 c - 4 bread rations
 g - 2 slices of pizza
 l - a meat ration
 m - 4 fruits

Dungeon Overview and Level Annotations

Branches:
Dungeon (4/15)
 Temple: D:4-7

Altars:

#.##.#..###......#######
#............@...#
#######.###<.##### #####
#.###..# #.. . #......#
######## #.# # ####...#
#......# #.# # #...#
#.####.# #.# # #...#
#.####.###.### #..)#
#.#.........# #...#
#.#.##......##
..####...####.#.##..#.#.#.
....................#.#.#.
................##.##.#...
....................(.###.
.###.#...#.#######.#### #.
#.#...#.# #.# ## #.#...#)#
#.#######


You could see a worker ant.


Message History

You start waiting.
You butcher the adder corpse.
You see here a chunk of flesh.
You start waiting.
The dart slug closely misses you.
You slash the dart slug!
The dart slug is severely wounded.
The dart slug closely misses you.
You slash the dart slug!
You kill the dart slug!
No target in view!
You see here a dart slug corpse.
You butcher the dart slug corpse.
b - a chunk of flesh
There is a stone staircase leading up here.
You see here a chunk of flesh.
b - 2 chunks of flesh (gained 1)
The worker ant barely misses you. The worker ant bites you.
You are poisoned.
The worker ant poisons you!
Damage: -1%(-1hp) hp: 99%(51hp)
You barely miss the worker ant.
You feel sick.
The worker ant waves its antennae.
The worker ant barely misses you.
Damage: -2%(-1hp) hp: 97%(50hp)
You completely miss the worker ant.
You feel sick. The worker ant barely misses you. The worker ant bites you.
You are more poisoned.
The worker ant poisons you!
Damage: -6%(-3hp) hp: 91%(47hp)
You closely miss the worker ant.
You feel sick. The worker ant bites you.
You are more poisoned.
The worker ant poisons you!
Damage: -14%(-7hp) hp: 77%(40hp)
You closely miss the worker ant.
You feel sick. The worker ant barely misses you.
The worker ant bites you but does no damage.
Damage: -3%(-2hp) hp: 74%(38hp) Unknown command.
You closely miss the worker ant.
You feel sick. The worker ant barely misses you.
Damage: -2%(-1hp) hp: 72%(37hp) Unknown command.
You hit the worker ant but do no damage.
You feel sick. The worker ant bites you.
* * * LOW HITPOINT WARNING * * *
The worker ant closely misses you.
Damage: -10%(-5hp) hp: 62%(32hp) Unknown command.
You hit the worker ant.
The worker ant is moderately wounded.
You feel sick. The worker ant bites you.
* * * LOW HITPOINT WARNING * * *
You are more poisoned.
The worker ant poisons you!
Damage: -12%(-6hp) hp: 50%(26hp)
You hit the worker ant but do no damage.
The worker ant is moderately wounded.
You feel very sick. The worker ant bites you.
* * * LOW HITPOINT WARNING * * *
The worker ant bites you.
* * * LOW HITPOINT WARNING * * *
Huge Dmg: -13%(-7hp) hp: 37%(19hp) Really quaff
s - a purple potion {!q}?
It was a potion of brilliance {!q}.
You feel clever all of a sudden.
* * * LOW HITPOINT WARNING * * *
You feel sick. The worker ant bites you.
* * * LOW HITPOINT WARNING * * *
Damage: -4%(-2hp) hp: 33%(17hp)
* * * LOW HITPOINT WARNING * * *
You feel sick.
Damage: -4%(-2hp) hp: 29%(15hp)
* * * LOW HITPOINT WARNING * * *
You feel sick. The worker ant bites you.
* * * LOW HITPOINT WARNING * * *
There is a stone staircase leading up here.
Huge Dmg: -7%(-4hp) hp: 22%(11hp)
* * * LOW HITPOINT WARNING * * *
You feel sick.
Damage: -2%(-1hp) hp: 20%(10hp)
* * * LOW HITPOINT WARNING * * *
You feel sick.
Damage: -2%(-1hp) hp: 18%(9hp)
* * * LOW HITPOINT WARNING * * *
You feel sick.
Damage: -2%(-1hp) hp: 16%(8hp)
* * * LOW HITPOINT WARNING * * *
You feel sick.
Damage: -2%(-1hp) hp: 14%(7hp)
* * * LOW HITPOINT WARNING * * *
You feel sick. The worker ant bites you.
* * * LOW HITPOINT WARNING * * *
Huge Dmg: -10%(-5hp) hp: 4%(2hp)
* * * LOW HITPOINT WARNING * * *
You feel sick.
Huge Dmg: -2%(-1hp) hp: 2%(1hp) Unknown command.
You die...

Vault maps used:
D:1:      arrival_zaba_pyramid
D:2:      kennysheep_big_flooded_room, minmay_octomino_c4
D:3:      first_bread, minmay_misc_feat_four_crosses
D:4:      minmay_joined_circles, uniq_crazy_yiuf_cottage

Notes
Turn   | Place    | Note
-------+----------+-------------------------------------------
     0 | Abyss:1  | hairmachine the Hill Orc Abyssal Knight began the quest for the Orb.
     0 | Abyss:1  | Reached XP level 1. HP: 19/19 MP: 2/2
     3 | Abyss:1  | Found a corrupted altar of Lugonu.
    14 | Abyss:1  | Noticed a fire giant skeleton
    19 | D:1      | Escaped the Abyss
   222 | D:1      | Reached skill level 3 in Axes
   434 | D:1      | Reached XP level 2. HP: 25/26 MP: 3/3
   698 | D:1      | Reached skill level 4 in Axes
  1683 | D:2      | Reached ** piety under Lugonu
  1683 | D:2      | Reached XP level 3. HP: 31/31 MP: 4/4
  1761 | D:2      | Reached skill level 5 in Axes
  2819 | D:2      | Reached XP level 4. HP: 38/39 MP: 5/5
  3188 | D:3      | Reached skill level 6 in Axes
  3814 | D:3      | Reached XP level 5. HP: 45/45 MP: 6/6
  3902 | D:3      | Reached skill level 7 in Axes
  4451 | D:3      | Reached *** piety under Lugonu
  4954 | D:4      | Reached skill level 8 in Axes
  4954 | D:4      | Reached XP level 6. HP: 36/51 MP: 7/7
  5570 | D:4      | HP: 2/52 [worker ant (4)]
  5572 | D:4      | Succumbed to a worker ant's poison

Vanquished Creatures
  A wight (D:4)
  3 orc wizards (D:3)
  2 worker ants
  5 adders
  A worm (D:2)
  5 dart slugs
  A leopard gecko (D:1)
  18 orcs
  A ball python (D:2)
  2 giant cockroaches
  7 goblins
  6 hobgoblins
  6 jackals
  9 kobolds
  9 bats
  4 frilled lizards
  6 rats
86 creatures vanquished.

Action                   |  1- 3 |  4- 6 || total
-------------------------+-------+-------++-------
Melee: Hand axe          |   137 |   249 ||   386
       Battleaxe         |       |    12 ||    12
  Use: Potion            |     2 |     5 ||     7
       Scroll            |       |     5 ||     5
 Stab: Invisible         |       |     2 ||     2
  Eat: Chunk             |     6 |    13 ||    19
Armor: Leather armour    |    29 |       ||    29
       Scale mail        |    15 |   109 ||   124
Dodge: Dodged            |   101 |   113 ||   214
Block: Buckler           |       |    26 ||    26

Skill      XL: |  1  2  3  4  5 |
---------------+----------------+-----
Axes           | 3 4 5 6 8 |  8.7
Fighting       | |  3.7
Armour         | |  2.2
Dodging        | |  0.7
Invocations    | |  2.4
